 Dungeon Sprint DCSS version 0.29.1-15-g9cfb28693d (webtiles) character file.

Game seed: 7585794608646608404

24 Omnicron the Grasshopper (level 2, -4/24 HPs)
             Began as a Palentonga Warper on Mar 4, 2023.
             Slain by an ogre
             ... wielding a +0 giant club
              (12 damage)
             ... in the Dungeon (Sprint I: "Red Sonja").
             The game lasted 00:01:03 (59 turns).

Omnicron the Grasshopper (Palentonga Warper)          Turns: 59, Time: 00:01:04

Health: -4/24      AC:  6    Str: 16    XL:     2   Next: 79%
Magic:  5/5        EV:  9    Int: 13    God:
Gold:   0          SH:  0    Dex:  9    Spells: 6/6 levels left

rFire   . . .      SeeInvis +   a - +0 hand axe
rCold   . . .      Faith    .   (no shield)
rNeg    . . .      Spirit   .   k - +2 leather armour {Will+}
rPois   .          Reflect  .   (no helmet)
rElec   .          Harm     .   (no cloak)
rCorr   .          Rampage  .   (no gloves)
Will    +....      NoTele   +   (no barding)
Stlth   +.........              (no amulet)
HPRegen 0.08/turn               (no ring)
MPRegen 0.09/turn               (no ring)

@: hasted, very quick
A: large, rugged brown scales 3, see invisible, deformed body, roll 1, armoured
tail
a: Rolling Charge


You were in the Dungeon.
You visited 1 branch

Inventory:

Hand Weapons
 a - a +0 hand axe (weapon)
Missiles
 d - 7 boomerangs of dispersal (quivered)
Armour
 b - a +0 leather armour
 k - a +2 leather armour of willpower (worn)
Wands
 i - a wand of mindburst (8)
Scrolls
 c - 2 scrolls of blinking
Potions
 e - a potion of curing
 h - 2 potions of magic
 j - a potion of attraction {unknown}


   Skills:
 + Level 2.6 Fighting
 + Level 2.7 Axes
 + Level 0.8 Throwing
 + Level 1.0 Armour
 + Level 2.1 Dodging
 + Level 2.8 Spellcasting
 + Level 4.9 Translocations


You had 6 spell levels left.
You didn't know any spells.
Your spell library contained the following spells:

 Spells                   Type           Power      Damage    Failure   Level
 Blink                    Tloc           28%        N/A       6%          2
 Gell's Gravitas          Tloc           14%        N/A       12%         3
 Lesser Beckoning         Tloc           14%        N/A       12%         3
 Teleport Other           Tloc           14%        N/A       12%         3
 Manifold Assault         Tloc           14%        N/A       71%         5


Dungeon Overview and Level Annotations

Branches:
Dungeon (1/1)

Altars:


Innate Abilities, Weirdness & Mutations

You are completely covered in rugged brown scales. (AC +3, +7% HP)
You have supernaturally acute eyesight. (SInv)
Armour fits poorly on your strangely shaped body.
You can roll at nearby foes to attack.
You have a long armoured tail.


Message History

You continue taking off your +0 leather armour. x4
You finish taking off your +0 leather armour.
You start putting on your armour.
You continue putting on your +2 leather armour of willpower. x5
You finish putting on your +2 leather armour of willpower.
You feel strong-willed.
Okay, then.
You feel yourself speed up.
You start waiting.
You recover from your berserk rage.
You feel yourself speed up.
You open the door.
An ogre comes into view. It is wielding a +0 giant club.
The ogre shouts!
You barely miss the ogre. The ogre hits you with a +0 giant club!
Ouch! That really hurt!
* * * LOW HITPOINT WARNING * * *
You feel much better.
You hit the ogre. You tail-slap the ogre.
The ogre is moderately wounded.
The ogre barely misses you.
You hit the ogre.
The ogre is heavily wounded.
You barely miss the ogre.
The ogre is heavily wounded.
The ogre hits you with a +0 giant club!
Ouch! That really hurt!
You hit the ogre.
The ogre is severely wounded.
You completely miss the ogre.
You tail-slap the ogre, but do no damage.
The ogre is severely wounded.
The ogre barely misses you.
You slash the ogre!
Your tail-slap misses the ogre.
The ogre is almost dead.
You hit the ogre.
The ogre is almost dead.
The ogre hits you with a +0 giant club!
Ouch! That really hurt!
You die...

##########
#<.#.@O..#
#..)..#..+
#..#### +#
#..# #..#
#..# #⌠⌠#
####


You could see an ogre.

Vanquished Creatures
  Ijyb (D)
1 creature vanquished.

Notes
Turn   | Place    | Note
-------+----------+-------------------------------------------
     0 | D        | Omnicron the Palentonga Warper began the quest for the Orb.
     0 | D        | Reached XP level 1. HP: 17/17 MP: 3/3
     1 | D        | Noticed Ijyb
     4 | D        | Killed Ijyb
     5 | D        | Reached skill level 1 in Armour
     5 | D        | Reached skill level 4 in Translocations
     5 | D        | Reached XP level 2. HP: 24/24 MP: 3/5
    48 | D        | Noticed an ogre
    59 | D        | Slain by an ogre

Illustrated notes

Levels and vault maps discovered:
D:        dungeon_sprint_1 [red_sonja_temple_1, red_sonja_temple_small_1]

Skill      XL: |  1 |
---------------+----+-----
Armour         | 1 |  1.0
Dodging        | 2 |  2.1
Translocations | 4 |  4.9
Fighting       | |  2.6
Axes           | |  2.7
Throwing       | |  0.8
Spellcasting   | |  2.8

Action                   || total
-------------------------++-------
Melee: Hand axe          ||    10
       Tailslap          ||     3
  Use: Potion            ||     3
Dodge: Dodged            ||     2
